 Dungeon Sprint DCSS version 0.29-a0-284-gf9362112df (webtiles) character file.

Game seed: 11792990421636145871

242 mhtbhm the Protected (level 5, -5/53 HPs)
             Began as a Minotaur Fighter on Mar 27, 2022.
             Slain by a shadow (29 damage)
             ... in the Dungeon (Sprint III: "The Ten Rune Challenge").
             The game lasted 00:01:10 (480 turns).

mhtbhm the Protected (Minotaur Fighter)              Turns: 480, Time: 00:01:11

Health: -5/53      AC:  8    Str: 22    XL:     5   Next: 82%
Magic:  4/4        EV:  9    Int:  3    God:
Gold:   36         SH:  5    Dex: 10    Spells: 4/4 levels left

rFire   . . .      SeeInvis .   a - +0 trident
rCold   . . .      Faith    .   c - +0 buckler
rNeg    . . .      Spirit   .   b - +0 scale mail
rPois   .          Reflect  .   (helmet restricted)
rElec   .          Harm     .   (no cloak)
rCorr   .          Rampage  .   (no gloves)
Will    .....      NoTele   +   (no boots)
Stlth   ..........              (no amulet)
HPRegen 0.17/turn               (no ring)
MPRegen 0.09/turn               (no ring)

@: no status effects
A: horns 2, retaliatory headbutt, dopey 1, mutation resistance 1, MP-powered
wands
a: no special abilities


You were in the Dungeon.
You visited 1 branch You collected 36 gold pieces.

Inventory:

Hand Weapons
 a - a +0 trident (weapon)
Armour
 b - a +0 scale mail (worn)
 c - a +0 buckler (worn)
Wands
 n - a wand of flame (14)
Scrolls
 d - 2 scrolls of immolation {unknown}
 f - 2 scrolls of identify {unknown}
 j - a scroll of blinking
Potions
 e - a potion of curing
 g - a potion of haste
 h - 2 potions of magic
 i - a potion of berserk rage
 k - a potion of attraction {unknown}
 l - a potion of brilliance {unknown}
 m - a potion of flight {unknown}


   Skills:
 + Level 8.2 Fighting
 + Level 7.0 Polearms
 + Level 8.6 Armour
 + Level 0.5 Dodging
 + Level 0.4 Stealth
 + Level 7.8 Shields


You had 4 spell levels left.
You didn't know any spells.
Your spell library contained the following spells:

 Spells                   Type           Power      Damage    Failure   Level
 Animate Skeleton         Necr           0%         N/A       87%         1
 Apportation              Tloc           0%         N/A       87%         1
 Summon Small Mammal      Summ           0%         N/A       87%         1
 Blink                    Tloc           0%         N/A       95%         2
 Manifold Assault         Tloc           0%         N/A       100%        5
 Storm Form               Tmut/Air       0%         N/A       100%        7


Dungeon Overview and Level Annotations

Branches:
Dungeon (1/1)

Altars:
Dithmenos
Kikubaaqudgha
Ru
Sif Muna
Vehumet
Yredelemnul


Innate Abilities, Weirdness & Mutations

You have a pair of horns on your head.
You reflexively headbutt those who attack you in melee.
You are dopey. (Int -2)
You are somewhat resistant to further mutation.
You expend magic power (3 MP) to strengthen your wands.


Message History

HP restored.
A shadow comes into view.
There is an open door here.
You completely miss the shadow. The shadow hits you!
You hit the shadow.
The shadow is lightly damaged.
The shadow hits you!
You hit the shadow but do no damage.
The shadow is lightly damaged.
The shadow slips into darkness.
The shadow flickers and vanishes!
Deactivating autopickup; reactivate with Ctrl-A.
No target in view!
No target in view!
No target in view!
No target in view!
No target in view!
No target in view!
No target in view!
No target in view!
No target in view!
No target in view!
You hit something but do no damage. Your headbutt misses something.
The shadow strikes at you from the darkness!
Reactivating autopickup.
You barely miss the shadow.
The shadow is lightly damaged.
You block the shadow's attack.
You puncture the shadow!
The shadow is heavily damaged.
The shadow barely misses you.
You closely miss the shadow.
The shadow is heavily damaged.
The shadow slips into darkness.
The shadow flickers and vanishes!
Deactivating autopickup; reactivate with Ctrl-A.
You hit something.
The shadow strikes at you from the darkness!
Ouch! That really hurt!
You die...

▓▓▓ ##.# ####
####..# #__#
#..#..# #._#
#..#..###+#+###)##
##'#..#..........#
###...'.⌠........#
###...#...######@#
##....#.⌠.# #.{.#
#.....#...# #...#
......#)### #...#
#.....#...# #...+
##....#___# +...#
▓▓▓▓▓▓▓▓▓▓ ▓▓▓▓▓


There were no monsters in sight!

Vanquished Creatures
  A necrophage (D)
  A water elemental (D)
  A jelly (D)
  A wizard (D)
  A necromancer (D)
  A human (D)
  A kobold demonologist (D)
  A phantom (D)
  An endoplasm (D)
  3 rats (D)
12 creatures vanquished.

Notes
Turn   | Place    | Note
-------+----------+-------------------------------------------
     0 | D        | mhtbhm the Minotaur Fighter began the quest for the Orb.
     0 | D        | Reached XP level 1. HP: 19/19 MP: 0/0
    58 | D        | Reached skill level 5 in Fighting
    58 | D        | Reached skill level 5 in Armour
    58 | D        | Reached XP level 2. HP: 29/29 MP: 1/1
    66 | D        | Reached skill level 5 in Shields
    71 | D        | Noticed a water elemental
    75 | D        | Killed a water elemental
    76 | D        | Reached XP level 3. HP: 29/38 MP: 2/2
    76 | D        | Reached XP level 4. HP: 35/45 MP: 3/3
    80 | D        | Found a radiant altar of Vehumet.
    80 | D        | Found a shimmering blue altar of Sif Muna.
    80 | D        | Found an ancient bone altar of Kikubaaqudgha.
    80 | D        | Noticed a wizard
    83 | D        | Noticed an orange demon
    83 | D        | Killed a wizard
    84 | D        | Reached skill level 5 in Polearms
   240 | D        | Gained mutation: You have a pair of large horns on your
                  | head. [potion of mutation]
   240 | D        | Gained mutation: You sometimes lose the ability to read
                  | scrolls when taking damage. [potion of mutation]
   241 | D        | Lost mutation: You sometimes lose the ability to read
                  | scrolls when taking damage. [potion of mutation]
   241 | D        | Lost mutation: You have a pair of large horns on your head.
                  | [potion of mutation]
   241 | D        | Gained mutation: Your spells are a little harder to cast,
                  | but a little more powerful. [potion of mutation]
   241 | D        | Gained mutation: You sometimes lose the ability to read
                  | scrolls when taking damage. [potion of mutation]
   241 | D        | Gained mutation: Your muscles are strong. (Str +2) [potion
                  | of mutation]
   241 | D        | Gained mutation: You possess an exceptional clarity of
                  | mind. [potion of mutation]
   256 | D        | Lost mutation: Your muscles are strong. (Str +2) [potion of
                  | mutation]
   256 | D        | Lost mutation: Your spells are a little harder to cast, but
                  | a little more powerful. [potion of mutation]
   256 | D        | Lost mutation: You possess an exceptional clarity of mind.
                  | [potion of mutation]
   256 | D        | Gained mutation: Armour fits poorly on your strangely
                  | shaped body. [potion of mutation]
   256 | D        | Lost mutation: You sometimes lose the ability to read
                  | scrolls when taking damage. [potion of mutation]
   256 | D        | Gained mutation: You are dopey. (Int -2) [potion of
                  | mutation]
   256 | D        | Gained mutation: Your flesh is heat resistant. (rF+)
                  | [potion of mutation]
   257 | D        | Lost mutation: Armour fits poorly on your strangely shaped
                  | body. [potion of mutation]
   257 | D        | Lost mutation: Your flesh is heat resistant. (rF+) [potion
                  | of mutation]
   257 | D        | Gained mutation: You are somewhat resistant to further
                  | mutation. [potion of mutation]
   257 | D        | Gained mutation: You expend magic power (3 MP) to
                  | strengthen your wands. [potion of mutation]
   324 | D        | Found a basalt altar of Yredelemnul.
   324 | D        | Found a shadowy altar of Dithmenos.
   324 | D        | Found a sacrificial altar of Ru.
   324 | D        | Noticed a necrophage
   328 | D        | Reached XP level 5. HP: 50/52 MP: 4/4
   472 | D        | Noticed a shadow
   480 | D        | Slain by a shadow

Illustrated notes

Levels and vault maps discovered:
D:        dungeon_sprint_mu [sprint_mu_entry_cave, sprint_mu_temple_rooms,
          sprint_mu_d1_horrors, sprint_mu_d2_genie, sprint_mu_d3_branching,
          sprint_mu_orc_legion, sprint_mu_elf_gauntlet, sprint_mu_hive_nellie,
          sprint_mu_lair_fedhas, sprint_mu_vaults_butterflies,
          sprint_mu_slime_circle, sprint_mu_swamp_cave, sprint_mu_shoals_kraken,
          sprint_mu_blade_basic, sprint_mu_crypt_lich, sprint_mu_tomb_spiral,
          sprint_mu_vestibule_basic, sprint_mu_gehenna_hellfire,
          sprint_mu_dis_giant, sprint_mu_tartarus_statrot,
          sprint_mu_cocytus_islands, sprint_mu_zot1]

Skill      XL: |  1  2  3  4  5 |
---------------+----------------+-----
Fighting       | 5 6 7 8 |  8.2
Armour         | 5 6 7 8 |  8.6
Shields        | 4 6 7 |  7.8
Polearms       | 3 4 5 7 |  7.0
Dodging        | |  0.5
Stealth        | |  0.4

Action                   |  1- 3 |  4- 6 || total
-------------------------+-------+-------++-------
Melee: Trident           |    17 |    30 ||    47
       Headbutt          |     2 |     1 ||     3
  Use: Potion            |     2 |     4 ||     6
Armor: Scale mail        |     2 |     5 ||     7
Dodge: Dodged            |     4 |     6 ||    10
Block: Buckler           |     2 |     3 ||     5

Table legend: (Time is in decaauts)
 A = Elapsed time spent in this place.
 B = Non-inter-level travel time spent in this place.
 C = Inter-level travel time spent in this place.
 D = Time resting spent in this place.
 E = Time spent auto-exploring this place.
 F = Levels seen in this place.
 G = Mean time per level.
                   A        B        C        D        E       F      G
               +--------+--------+--------+--------+--------+-----+--------+
         Total |    484 |    484 |      0 |    291 |     30 |   1 |  484.0 |
       Dungeon |    484 |    484 |      0 |    291 |     30 |   1 |  484.0 |
               +--------+--------+--------+--------+--------+-----+--------+

Top non-repeatable levels by time:
       D: 484 daAuts
